[Event "FRA-ch Teams Top 16-B 2022"]
[Site "Chartres"]
[Date "2022.06.13"]
[Round "5.17"]
[White "Vernay, Clovis"]
[Black "Donchenko, Alexander"]
[Result "0-1"]
[ECO "A65"]
[WhiteElo "2523"]
[BlackElo "2599"]
[Annotator "TA"]
[PlyCount "74"]
[EventDate "2022.06.09"]
[EventType "team-tourn"]
[EventCountry "FRA"]
[SourceTitle "playchess.com"]
[Source "ChessBase"]
[SourceQuality "1"]
[TimeControl "40/5400+30:1800+30"]

1. d4 Nf6 2. c4 g6 3. Nc3 Bg7 4. e4 d6 5. f3 O-O 6. Bg5 c5 7. d5 h6 8. Be3 e6 9. Qd2 exd5 10. cxd5 a6 11. a4 Re8 12. Nge2 Nbd7 13. Nd1 {[%emt 0:00:06] A65: Modern Benoni: 6 e4.} Ne5 14. Nec3 Nh5 15. Be2 {[%emt 0:01:00] White has an edge.} g5 16. a5 Qf6 17. O-O Nf4 18. Na4 (18. Bxf4 $5 gxf4 19. Na4 $11) 18... b5 19. axb6 {[%emt 0:09:08] [#]} Rb8 $146 (19... Nxe2+ $11 20. Qxe2 a5) ({Predecessor:} 19... Nxe2+ 20. Qxe2 a5 21. f4 gxf4 22. Rxf4 Qg6 23. Nf2 h5 24. Ra3 Bg4 25. Nxg4 Nxg4 {½-½ (48) Shabaev,V (2164)-Reindel,O (2258) ICCF email 2020}) 20. Rb1 (20. Bxf4 $5 gxf4 21. Kh1 $16) 20... a5 (20... Nxe2+ $11 21. Qxe2 Qg6) 21. b3 (21. Bxf4 $16 gxf4 22. Qxa5) 21... Nxe2+ $11 22. Qxe2 Nd7 23. Qb5 {[%emt 0:01:19] [#] Ndb2 is the strong threat.} Qd8 24. Bd2 Nxb6 {[%emt 0:01:42] Hoping for ...Bd7.} 25. Bxa5 Qd7 26. Qxd7 Nxd7 27. Bc7 Ba6 $1 ({Don't do} 27... Bd4+ 28. Nf2 $14) 28. Bxd6 (28. Bxb8 $11 Rxb8 29. Rf2) 28... Bxf1 (28... Bd4+ $17 29. Rf2 Rb4) 29. Kxf1 ({Not} 29. Bxb8 $2 Bd3 30. Rb2 Rxb8 $19) 29... Rb5 30. Ndc3 {[%emt 0:04:39] Pair of Knights!} Rb7 31. Ke2 Ra8 32. Kd3 Bd4 33. Kc2 Ra6 34. Be7 f6 35. Ne2 (35. b4 $1 $11 {remains equal.} Rxb4 36. Rxb4 cxb4 37. Bxb4) 35... Kf7 $17 36. Nxd4 $4 (36. d6 $17 {was the crucial defense.}) 36... cxd4 $19 37. Bc5 {[%emt 0:01:40] [#]} Rxa4 $1 {[%emt 0:00:51][%mdl 512] Weighted Error Value: White=0.43/Black=0.16 (very precise)} 0-1

[Event "FRA-ch Teams Top 16-B 2022"]
[Site "Chartres"]
[Date "2022.06.13"]
[Round "5.18"]
[White "Solodovnichenko, Yuri"]
[Black "Benitah, Yohan"]
[Result "1/2-1/2"]
[ECO "B97"]
[WhiteElo "2499"]
[BlackElo "2383"]
[Annotator "TA"]
[PlyCount "37"]
[EventDate "2022.06.09"]
[EventType "team-tourn"]
[EventCountry "FRA"]
[SourceTitle "playchess.com"]
[Source "ChessBase"]
[SourceQuality "1"]
[TimeControl "40/5400+30:1800+30"]

1. e4 c5 2. Nf3 d6 3. d4 cxd4 4. Nxd4 Nf6 5. Nc3 a6 6. Bg5 e6 7. f4 Qb6 8. Nb3 Nbd7 9. Be2 Be7 10. Qd3 Qc7 11. Bf3 h6 {[%emt 0:01:28] B97: Sicilian Najdorf: Poisoned Pawn.} 12. Bxf6 Nxf6 13. O-O-O Rb8 {[%emt 0:04:01] The position is equal.} 14. Nd4 O-O {[%emt 0:17:06] [#]} 15. g4 $146 ({Predecessor:} 15. Kb1 b5 16. g4 b4 17. Nce2 e5 18. Nf5 Bxf5 19. exf5 Rfe8 20. h4 e4 21. Bxe4 Nxg4 {0-1 (32) Sorcinelli,A (2192)-Grammatica,A (2241) LSS email 2014}) 15... b5 $1 16. e5 (16. h4 $11) 16... dxe5 $17 17. Nc6 {[%emt 0:00:19] [#]} Bb7 $1 18. Nxe7+ Qxe7 19. fxe5 {[%emt 0:00:49] Weighted Error Value: White=0.30/Black=0.08 (flawless)} (19. g5 $17 {might work better.} hxg5 20. fxe5) 1/2-1/2

[Event "FRA-ch Teams Top 16-B 2022"]
[Site "Chartres"]
[Date "2022.06.13"]
[Round "5.19"]
[White "Buscara, Sevan"]
[Black "Brunner, Nicolas"]
[Result "1-0"]
[ECO "B56"]
[WhiteElo "2385"]
[BlackElo "2454"]
[Annotator "TA"]
[PlyCount "71"]
[EventDate "2022.06.09"]
[EventType "team-tourn"]
[EventCountry "FRA"]
[SourceTitle "playchess.com"]
[Source "ChessBase"]
[SourceQuality "1"]
[TimeControl "40/5400+30:1800+30"]

1. e4 c5 2. Nf3 d6 3. d4 cxd4 4. Nxd4 Nf6 5. Nc3 a6 6. Nb3 Nc6 7. h4 {[%emt 0:13:32] B56: Classical Sicilian: Unusual Lines.} e6 {[%emt 0:06:59] [#]} 8. h5 $146 ({Predecessor:} 8. g4 Be7 9. Be3 h5 10. g5 Ng4 11. Bf4 Qb6 12. Qd2 Nce5 13. Rh3 Ng6 14. Bg3 {0-1 (42) Froewis,A (2143)-Sekar,B (2286) Chess.com INT 2021}) 8... h6 9. Qf3 {[%emt 0:07:46] The position is equal.} Qc7 10. g4 b5 11. g5 (11. a3 $1 $11) 11... Ne5 $17 12. Qe2 hxg5 13. Bxg5 b4 $1 14. Na4 (14. Bxf6 $17 {was worth a try.} bxc3 15. Bxe5 dxe5 16. bxc3) 14... Bd7 $19 15. f4 Bxa4 $2 (15... Neg4 $19 16. c4 Bxa4) 16. fxe5 $15 dxe5 17. h6 Nd7 18. hxg7 ({White must play} 18. O-O-O $1 $15) 18... Bxg7 $2 (18... Rxh1 $19 19. g8=Q Bb5 20. Qxf7+ (20. c4 $2 bxc3 21. Qf3 Rxf1+ 22. Qxf1 Bxf1 $19) 20... Kxf7 21. Qf3+ Kg6 22. Qxh1 Kxg5) 19. Rxh8+ $11 Bxh8 20. O-O-O Bf6 21. Be3 {[%emt 0:04:25][%mdl 1024] White has compensation.} a5 22. Qf2 {[%emt 0:01:10][%cal Od1d7] Strongly threatening Rxd7!} Be7 $1 23. Kb1 Bc6 24. Nd2 {[%emt 0:00:16] White is more active.} a4 25. Rc1 (25. Bd3 $1 $14) 25... Nf6 $36 {[%emt 0:05:47][%mdl 2048] Black has some pressure.} 26. Qg1 {[%emt 0:02:07] Against Ng4} a3 {[%emt 0:05:00] White must now prevent ...axb2.} (26... Nxe4 27. Nxe4 Bxe4 28. Bb5+ Bc6 29. Bb6 $16) 27. b3 Bf8 (27... Bxe4 $2 28. Nxe4 O-O-O 29. Ba6+ Kb8 30. Bb6 $18) 28. Bb6 Qb7 29. Rd1 (29. Re1 $11 {keeps the balance.}) 29... Rc8 (29... Nxe4 $2 30. Nxe4 Bxe4 31. Bb5+ Ke7 32. Qg5+ f6 33. Qh5 $1 $18) (29... Rb8 $1 $17 30. Ba5 Ra8) 30. Nc4 (30. Bd3 $11 {and White has nothing to worry.}) 30... Bxe4 $19 {[%emt 0:04:50] Hoping for ...Nd5.} ({Weaker is} 30... Nxe4 31. Qg8 Qe7 32. Ka1 $15) 31. Qg5 Nd7 ({Better is} 31... Nd5 $19 {Threatens to win with ...Nc3+.} 32. Rd2 Nxb6) 32. Ba5 $2 ({White should try} 32. Bf2 $15) 32... Bg6 ({And not} 32... Qa7 33. Be2 $17) (32... Bd5 $19 {and Black stays clearly on top. aiming for ...Ra8.} 33. Be2 Ra8) 33. Bg2 $17 e4 34. Qh4 {[%emt 0:00:54] [#]} (34. Bf1 $17) 34... Qb5 (34... Qa7 $1 $19 35. Kc1 (35. Bxe4 $2 Bxe4 36. Qxe4 Rxc4 $19) 35... Be7 36. Qh8+ Nf8) 35. Bxe4 Rxc4 $2 (35... Bxe4 $15 36. Qxe4 Nf6) 36. Qd8# {[%emt 0:00:06] Both players deserved the win here.  Weighted Error Value: White=0.61/Black=0.67} 1-0

[Event "FRA-ch Teams Top 16-B 2022"]
[Site "Chartres"]
[Date "2022.06.13"]
[Round "5.20"]
[White "Hamitevici, Vladimir"]
[Black "Marzolo, Cyril"]
[Result "1-0"]
[ECO "A23"]
[WhiteElo "2482"]
[BlackElo "2376"]
[Annotator "TA"]
[PlyCount "77"]
[EventDate "2022.06.09"]
[EventType "team-tourn"]
[EventCountry "FRA"]
[SourceTitle "playchess.com"]
[Source "ChessBase"]
[SourceQuality "1"]
[TimeControl "40/5400+30:1800+30"]

1. c4 e5 2. g3 Nf6 3. Bg2 c6 4. Nf3 e4 5. Nd4 d5 6. cxd5 cxd5 7. O-O Bc5 8. Nb3 Bb6 9. d3 O-O 10. Nc3 (10. Bg5 {seems wilder.} h6 11. Bxf6 Qxf6 12. Nc3) 10... e3 {[%emt 0:06:20] 10...exd3 is setting a new trend. A23: English Opening: 1...e5 2 Nc3 Nf6 3 g3 c6.} 11. fxe3 {[%emt 0:00:23] [#]} (11. Bxe3 d4 12. Nxd4 Bxd4 13. Bxd4 Qxd4 $17) 11... Nbd7 $146 (11... Re8 $14) ({Predecessor:} 11... Re8 12. Kh1 Nc6 13. Rxf6 Qxf6 14. Nxd5 Qd8 15. e4 Be6 16. d4 Qd7 17. Bf4 Bh3 18. Bf3 {½-½ (44) Batsiashvili,N (2491)-Arabidze,M (2432) Tbilisi 2021}) 12. d4 Re8 {[%emt 0:00:38] White is better.} 13. Nxd5 Nxd5 14. Bxd5 Nf6 15. Bg2 h5 16. Qd3 Qe7 17. Bd2 Be6 18. Rac1 Rad8 19. Nc5 Bc8 (19... Bd5 $16) 20. b4 h4 21. gxh4 Ng4 22. e4 {[%emt 0:01:14] Strongly threatening h3.} Qd6 {[%emt 0:00:38][%csl Gg4][%cal Rd6h2] [#]} 23. Bf4 Qxd4+ 24. Qxd4 Rxd4 25. a3 a5 26. h3 Nf6 27. e3 Rdd8 28. Rfd1 axb4 29. axb4 Rxd1+ 30. Rxd1 Bd8 (30... Nh7 $142 31. e5 Bxc5) 31. e5 $18 Nh5 32. Bxb7 ({Don't do} 32. Nxb7 Bxb7 33. Bxb7 Nxf4 $18) 32... Bxh3 {[%emt 0:07:55] [#]} (32... Nxf4 33. exf4 (33. Bxc8 Ne2+ 34. Kg2 Nc3 $18) 33... Bxh3) 33. Bc6 {[%emt 0:00:40] White is clearly winning.} Rf8 34. Bd7 Nxf4 35. exf4 Bxd7 36. Nxd7 ({Less strong is} 36. Rxd7 Bxh4 37. Kg2 Rc8 $18) 36... Re8 37. b5 f6 38. Kg2 Kf7 39. Kf3 {[%emt 0:00:10] Weighted Error Value: White=0.11 (very precise) /Black=0.35} 1-0

[Event "FRA-ch Teams Top 16-B 2022"]
[Site "Chartres"]
[Date "2022.06.13"]
[Round "5.21"]
[White "Rouler, Charly"]
[Black "Savina, Anastasia"]
[Result "1/2-1/2"]
[ECO "A49"]
[WhiteElo "2345"]
[BlackElo "2348"]
[Annotator "TA"]
[PlyCount "58"]
[EventDate "2022.06.09"]
[EventType "team-tourn"]
[EventCountry "FRA"]
[SourceTitle "playchess.com"]
[Source "ChessBase"]
[SourceQuality "1"]
[TimeControl "40/5400+30:1800+30"]

1. d4 Nf6 2. Nf3 g6 3. g3 Bg7 4. Bg2 c5 5. O-O cxd4 6. Nxd4 d5 {[%emt 0:01:37] A49: 1 d4 Nf6 2 Nf3 g6 3 g3: Anti-King's Indian systems.} 7. Nb3 {[%emt 0:00:26][%cal Oc2c4] [#] seems to push 7.c4 aside.} a5 $146 ({Predecessor:} 7... Nc6 8. Nc3 e6 9. a4 O-O 10. Re1 Re8 11. a5 h6 12. Be3 Bd7 13. Nc5 Nxa5 {0-1 (36) Howell,D (2658)-Vidit,S (2726) chess24.com INT 2021}) 8. a4 Nc6 9. Nc3 Nb4 10. Bf4 O-O 11. Nb5 Bf5 12. N3d4 Rc8 13. c3 Nc6 14. Nxf5 gxf5 15. Qb3 {[%emt 0:03:17] White is more active.} e6 16. Rad1 Qb6 17. c4 Nb4 18. Bd6 {[%emt 0:09:40][%cal Rc4d5] This bishop pair is nice.} dxc4 (18... Rxc4 $11 19. Bxf8 Kxf8) 19. Qf3 $16 Nbd5 20. Bxf8 Bxf8 21. Rc1 (21. e3 $16) 21... Ne4 $1 $11 22. Qh5 {[%emt 0:04:23] Bxe4 is the strong threat.} Ndf6 $36 {[%emt 0:00:00][%cal Bd5f6,Bf6e4,Be4d2][%mdl 2080] Black has the initiative.} 23. Qh4 Bc5 (23... Nxf2 $1 $11 {and Black stays safe.} 24. Qg5+ (24. Rxf2 Ng4 $17) (24. Qxf6 $2 {is a self mate.} Nh3+ 25. Kh1 Qg1+ 26. Rxg1 Nf2#) 24... Kh8 25. Qxf6+ Bg7 26. Qxg7+ (26. Qxf7 $2 {gets mated.} Nh3+ 27. Kh1 Qg1+ 28. Rxg1 Nf2#) 26... Kxg7 27. Rxf2 Rd8) 24. Bxe4 (24. e3 $18) 24... Nxe4 $14 25. e3 {[%emt 0:01:29] Strongly threatening Rcd1.} (25. g4 $5 ) 25... Nd2 $1 {[%emt 0:02:55] [#] Hoping for ...Nf3+. The position is equal.} 26. Qg5+ Kh8 {[%emt 0:00:25] Threatens to win with ...Nf3+.} 27. Qf6+ Kg8 28. Qg5+ Kh8 {[%emt 0:00:01] And now ...Nf3+ would win.} 29. Qf6+ Kg8 {[%emt 0:00:00] Weighted Error Value: White=0.18 (very precise) /Black=0.21 (precise)} 1/2-1/2

[Event "FRA-ch Teams Top 16-B 2022"]
[Site "Chartres"]
[Date "2022.06.13"]
[Round "5.22"]
[White "Philippe, Christophe"]
[Black "Crut, Aurelien"]
[Result "1/2-1/2"]
[ECO "D45"]
[WhiteElo "2379"]
[BlackElo "2355"]
[Annotator "TA"]
[PlyCount "95"]
[EventDate "2022.06.09"]
[EventType "team-tourn"]
[EventCountry "FRA"]
[SourceTitle "playchess.com"]
[Source "ChessBase"]
[SourceQuality "1"]
[TimeControl "40/5400+30:1800+30"]

1. d4 d5 2. c4 e6 3. Nc3 c6 4. e3 Nf6 5. Nf3 Nbd7 6. Qc2 Bd6 7. g4 h6 8. Bd2 Qe7 9. Rg1 {[%emt 0:09:47] D45: Semi-Slav: 5 e3.} dxc4 10. Bxc4 b5 11. Be2 Bb7 12. O-O-O (12. e4 $14 b4 13. e5 bxc3 14. Qxc3) 12... Rc8 $15 {[%emt 0:15:20] [#]} 13. e4 $146 ({Predecessor:} 13. Kb1 c5 14. Qb3 a6 15. Rc1 c4 16. Qd1 Nb6 17. Ne5 Ne4 18. Nxe4 Bxe4+ 19. Ka1 {0-1 (43) Riegler,D (2127)-Kyas,M (2114) Germany 2010}) 13... b4 14. e5 bxc3 15. Bxc3 Nd5 {[%emt 0:11:16] [#] Hoping for ...Bb4.} 16. exd6 Qxd6 17. Ne5 Nxe5 18. dxe5 Qc5 19. Bd4 Qxc2+ 20. Kxc2 c5 21. Bc3 Ke7 22. b3 Nf4 23. Bb5 {[%emt 0:00:00] And now Rd7+ would win.} Rhd8 {[%emt 0:06:19] Inhibits Rd7+.} 24. Ba5 Be4+ 25. Kb2 Rd4 (25... Rd5 $1 $11 {remains equal.}) 26. Bc3 {[%emt 0:00:00] A strong pair of Bishops.} (26. Ba6 $16 Rg8 27. Rxd4 cxd4 28. Rd1) 26... Rxd1 27. Rxd1 Bc6 {[%emt 0:01:41] Against Rd7+} 28. Ba6 Rd8 29. Rxd8 (29. Rd6 {keeps more tension.} Bf3 30. Bd2 Nd5 31. g5) 29... Kxd8 $14 {[%emt 0:00:03][%mdl 4096] Endgame KBB-KBN} 30. Bd2 Nd5 31. f4 {[%emt 0:02:25] Prevents g5.} Kc7 32. Bd3 Nb4 33. Be2 Be4 34. h4 Nd5 35. h5 Kc6 36. a4 Nc7 (36... Nb4 $11) 37. Ba5 (37. b4 $16) 37... Bh7 $2 {[%emt 0:00:33] [#]} (37... Nd5 $11 {and Black stays safe.}) 38. Bf3+ (38. b4 $1 $18) 38... Nd5 $16 39. Bd2 Bd3 40. g5 Bf5 $1 41. Be2 Kd7 42. a5 Kc6 43. Ka3 Kb7 44. Ka4 {[%emt 0:04:14] Threatens to win with Kb5.} a6 45. Bf3 Kc7 46. Be2 Kb7 47. Bf3 Kc7 48. Be2 {[%emt 0:00:19] Weighted Error Value: White=0.17 (very precise) /Black=0.20 (precise)} (48. gxh6 $14 gxh6 49. Be2) 1/2-1/2

[Event "FRA-ch Teams Top 16-B 2022"]
[Site "Chartres"]
[Date "2022.06.13"]
[Round "5.23"]
[White "Brailly-Vignal, Bastien"]
[Black "Nezar, Mustapha"]
[Result "1-0"]
[ECO "D45"]
[WhiteElo "2372"]
[BlackElo "2357"]
[Annotator "TA"]
[PlyCount "101"]
[EventDate "2022.06.09"]
[EventType "team-tourn"]
[EventCountry "FRA"]
[SourceTitle "playchess.com"]
[Source "ChessBase"]
[SourceQuality "1"]
[TimeControl "40/5400+30:1800+30"]

1. d4 d5 2. c4 c6 3. Nc3 Nf6 4. e3 e6 5. Nf3 Nbd7 6. Qc2 b6 7. cxd5 exd5 8. Bd3 {[%emt 0:00:45] Threatening 0-0. D45: Semi-Slav: 5 e3.} Be7 9. O-O {[%emt 0:00:56] With the idea e4.} O-O 10. Ne5 {[%emt 0:06:39] White is slightly better.} Bb7 11. Bd2 c5 12. Rad1 a6 13. Be1 c4 14. Bf5 g6 15. Bh3 b5 {[%emt 0:00:57] [#]} 16. f3 $146 ({Predecessor:} 16. a3 Qe8 17. f4 Nb6 18. g4 Nfd7 19. Bg2 Rd8 20. Nf3 Bc6 21. Bd2 a5 22. e4 {½-½ (31) Pierzak,R (2497)-Tinture,L (2432) ICCF email 2015}) 16... Qc7 17. Bg3 {[%emt 0:07:40] And now Nxd7 would win.} Bd6 18. Nxd7 Nxd7 19. Bxd6 Qxd6 20. e4 $1 {[%emt 0:03:29] Against f5} f6 21. a3 (21. a4 $1 $14) 21... Nb6 22. Rfe1 (22. e5 $5 Qc6 23. Qd2 $14) 22... Rfe8 23. g3 (23. Qf2 $14) 23... Bc6 $11 24. Qf2 Rab8 25. e5 Qe7 ({Weaker is} 25... fxe5 26. dxe5 Qe7 27. f4 $16) 26. exf6 Qxf6 27. Re5 Qd6 ({Less strong is} 27... Rxe5 28. dxe5 Qe7 29. f4 $16) (27... a5 $1 $14) 28. Rde1 $16 Bd7 {[%emt 0:00:00] [#]} 29. Qe3 $1 Rxe5 (29... Rf8 $16) (29... Bc6 30. f4) 30. dxe5 $18 Qe7 31. e6 Bc6 32. Qd4 (32. f4 $142 $1) 32... a5 ({Black should play} 32... Na4) 33. f4 $16 {[%emt 0:00:00] White is much more active.} b4 34. axb4 axb4 35. Nd1 Nd7 36. Qe3 ({White should try} 36. Ne3 $16 Nf6 37. f5) 36... Nc5 37. Nf2 {[%emt 0:00:00] Against Nd3} Rd8 (37... Rf8 $16) 38. Qd4 (38. Ng4 $18 {and White stays clearly on top.} Ne4 39. Qd4) 38... Nb3 (38... h5 $16) 39. Qe5 $1 $18 {[%emt 0:00:00] Threatens to win with Ng4.} Rf8 {[%emt 0:00:50] [#]} 40. Ng4 $1 h5 {[%emt 0:00:32] [#]} 41. Nh6+ Kh7 42. Nf7 {[%emt 0:01:50] Strongly threatening f5. Really sharp!} Qa7+ $2 (42... Qc5+ $16 43. Re3 Qd4) 43. Kh1 {[%emt 0:04:46] Hoping for Qg5.} d4+ 44. Bg2 Bxg2+ 45. Kxg2 {[%emt 0:00:03] Qf6 would kill now.} Qb7+ 46. Kh3 {[%emt 0:04:29] White threatens Qf6 and mate.} Rxf7 47. exf7 {[%emt 0:00:01] White mates.} Qxf7 48. Qd6 Qf5+ 49. Kg2 d3 50. Qd8 Qf7 51. Re7 {[%emt 0:00:49] Weighted Error Value: White=0.12 (very precise) /Black=0.39} 1-0

[Event "FRA-ch Teams Top 16-B 2022"]
[Site "Chartres"]
[Date "2022.06.13"]
[Round "5.24"]
[White "Steil-Antoni, Fiona"]
[Black "Djidjeli, Sarah"]
[Result "1-0"]
[ECO "B31"]
[WhiteElo "2198"]
[BlackElo "2040"]
[Annotator "RC"]
[PlyCount "50"]
[EventDate "2022.06.09"]
[EventType "team-tourn"]
[EventCountry "FRA"]
[SourceTitle "playchess.com"]
[Source "ChessBase"]
[SourceQuality "1"]
[TimeControl "40/5400+30:1800+30"]

1. e4 c5 2. Nf3 Nc6 3. Bb5 g6 4. Bxc6 dxc6 5. d3 Bg7 6. h3 Nf6 7. Nc3 b6 8. Be3 O-O 9. Qd2 e5 10. Bh6 Qd6 11. O-O Nh5 12. Bxg7 Kxg7 13. Ne2 h6 14. g4 Nf6 15. Qc3 Re8 16. Nh2 b5 17. f4 b4 18. Qe1 exf4 19. Rxf4 Be6 20. Qf2 Nd7 21. Rf1 Re7 22. Kh1 Ne5 23. Qg3 Rd8 24. b3 a5 25. Rf6 g5 1-0

[Event "FRA-ch Teams Top 16-B 2022"]
[Site "Chartres"]
[Date "2022.06.13"]
[Round "5.25"]
[White "Duboue, Peio"]
[Black "Gharamian, Tigran"]
[Result "1/2-1/2"]
[ECO "C11"]
[WhiteElo "2426"]
[BlackElo "2602"]
[Annotator "TA"]
[PlyCount "30"]
[EventDate "2022.06.09"]
[EventType "team-tourn"]
[EventCountry "FRA"]
[SourceTitle "playchess.com"]
[Source "ChessBase"]
[SourceQuality "1"]
[TimeControl "40/5400+30:1800+30"]

1. e4 e6 2. d4 d5 3. Nc3 Nf6 4. Bd3 c5 5. exd5 cxd4 6. Bb5+ {[%emt 0:00:08] C11: French: Classical System: 4 e5 and 4 Bg5 dxe4.} Bd7 7. Bxd7+ ({But not} 7. dxe6 $2 Bxb5 8. Nxb5 Qa5+ 9. Bd2 Qxb5 $19) 7... Qxd7 8. dxe6 (8. Qxd4 {keeps more tension.} Nc6 9. Qd2 exd5 10. Nf3) 8... fxe6 9. Nce2 Nc6 10. Nf3 e5 11. O-O $1 O-O-O {[%emt 0:11:58] [#]} 12. Ng3 $146 ({Predecessor:} 12. c3 d3 13. Ng3 e4 14. Nd2 Re8 15. Re1 e3 16. Rxe3 Rxe3 17. fxe3 h5 18. Nge4 Nxe4 19. Nxe4 {0-1 (36) Puertas Covarrubias,F (1895)-Roy Laguens,A ICCF email 2011}) 12... e4 13. Ng5 e3 {[%emt 0:12:51] The position is equal.} 14. fxe3 Bc5 15. exd4 Qxd4+ {[%emt 0:00:59] Weighted Error Value: White=0.03 (flawless) /Black=0.03 (flawless)} 1/2-1/2

[Event "FRA-ch Teams Top 16-B 2022"]
[Site "Chartres"]
[Date "2022.06.13"]
[Round "5.26"]
[White "Vocaturo, Daniele"]
[Black "Di Nicolantonio, Lucas"]
[Result "1-0"]
[ECO "B15"]
[WhiteElo "2608"]
[BlackElo "2399"]
[Annotator "TA"]
[PlyCount "105"]
[EventDate "2022.06.09"]
[EventType "team-tourn"]
[EventCountry "FRA"]
[SourceTitle "playchess.com"]
[Source "ChessBase"]
[SourceQuality "1"]
[TimeControl "40/5400+30:1800+30"]

1. e4 c6 2. d4 d5 3. Nc3 dxe4 4. Nxe4 Nf6 5. Nxf6+ exf6 6. c3 Bd6 7. Bd3 O-O 8. Qc2 {[%emt 0:00:17] Active counter play!} Re8+ {[%emt 0:00:58] B15: Caro-Kann: 3 Nc3: 3...g6 and 3...dxe4 4 Nxe4 Nf6 5 Nxf6+ exf6.} 9. Ne2 h5 10. O-O h4 {[%emt 0:01:33] White is slightly better.} 11. h3 Nd7 12. Bd2 Nf8 13. Rae1 Bc7 14. f4 g6 15. f5 g5 {[%emt 0:00:38] [#]} 16. c4 $146 ({Predecessor:} 16. Qd1 Qd6 17. Nf4 Bd7 18. Qg4 Nh7 19. Nh5 Qf8 20. Be3 Kh8 21. Re2 Rad8 22. Rfe1 {1-0 (57) Hilwerda,J (2209)-Alavi Moghaddam,S (2445) Paracin 2021}) 16... b6 17. b4 {[%emt 0:14:26] Prevents c5.} a5 18. bxa5 bxa5 19. c5 Ba6 20. Bxa6 Rxa6 21. Qc4 Ra8 22. Nc3 Bg3 (22... Rb8 $14) 23. Rxe8 $16 Qxe8 24. Qd3 (24. Qe2 $1 $16) 24... Qd7 25. d5 Be5 (25... Re8 $142) 26. d6 Qa7 {[%emt 0:00:14] [#]} 27. Ne4 (27. Na4 $1 $16) 27... Nd7 $14 28. Be3 Rb8 29. Rc1 (29. a3 $14) 29... Kg7 30. Nd2 Rb5 (30... Rb2 $11) 31. Nb3 ({White should try} 31. Kh1 $16) 31... Qb7 (31... a4 {was preferrable.} 32. Nd2 Nxc5) 32. Nd4 (32. Qd2 $5 ) 32... Rb2 (32... Nxc5 33. Qd1 Bxd4 34. Qxd4 $16) 33. Qe4 (33. a3 $11) 33... Bxd4 (33... Rxa2 $15 34. Kh1 (34. Nxc6 $2 Re2 $19) 34... Qb2 35. Nxc6 Nxc5) 34. Bxd4 {[%emt 0:00:16] Qg4 is the strong threat.} Rxa2 $2 (34... Qb4 $1 $14) 35. Qe3 $2 (35. Qg4 $18 {Qxg5+ would kill now.} Kh6 36. Re1) 35... Kh7 $11 36. Qf3 Kh6 {[%emt 0:01:31] Against Qh5+} (36... Qb4 $5 37. Kh1 Kg7 $17) 37. Qd3 {[%emt 0:02:07] Threatens to win with Qc4.} Qb4 38. Rb1 Rd2 (38... Nxc5 $2 39. Rxb4 axb4 40. Bxc5 $18) 39. Rxb4 Rxd3 $14 {[%emt 0:00:04][%mdl 4096] Endgame KRB-KRN} 40. Ra4 (40. Rb7 $5 ) 40... Kg7 41. Kf2 Rd2+ 42. Kf3 Ne5+ $2 {[%emt 0:02:41][%mdl 8192] [#]} (42... Nf8 $11) 43. Ke3 $1 $18 {[%emt 0:00:00] White is clearly winning.} ({Not} 43. Bxe5 fxe5 44. Rxa5 Kf6 $11) 43... Rd1 44. Ke2 Rb1 45. Rxa5 Rb4 46. Bxe5 {[%emt 0:00:00] KRB-KR} Re4+ 47. Kd3 Rxe5 {[%emt 0:00:05] KR-KR} 48. Ra4 {[%emt 0:00:00] Hoping for d7.} Kf8 49. Ra8+ Kg7 50. Kc4 {[%emt 0:00:00] And now d7 would win.} Re4+ 51. Kc3 Re3+ 52. Kb4 {[%emt 0:00:00] Black must now prevent d7.} Rd3 53. Rc8 {[%emt 0:00:00] Weighted Error Value: White=0.30/Black=0.41} 1-0

[Event "FRA-ch Teams Top 16-B 2022"]
[Site "Chartres"]
[Date "2022.06.13"]
[Round "5.27"]
[White "Eugene, Floryan"]
[Black "Hamdouchi, Hicham"]
[Result "1/2-1/2"]
[ECO "B52"]
[WhiteElo "2370"]
[BlackElo "2536"]
[Annotator "RC"]
[PlyCount "103"]
[EventDate "2022.06.09"]
[EventType "team-tourn"]
[EventCountry "FRA"]
[SourceTitle "playchess.com"]
[Source "ChessBase"]
[SourceQuality "1"]
[TimeControl "40/5400+30:1800+30"]

1. e4 c5 2. Nf3 d6 3. Bb5+ Bd7 4. Bxd7+ Qxd7 5. O-O Nf6 6. Re1 Nc6 7. c3 e6 8. d4 cxd4 9. cxd4 d5 10. e5 Ne4 11. a3 Be7 12. Qd3 Rc8 13. Nbd2 Nxd2 14. Bxd2 O-O 15. h4 h6 16. g3 f5 17. exf6 Rxf6 18. Ne5 Qe8 19. Rac1 Bd6 20. Nxc6 bxc6 21. Bb4 Bxb4 22. axb4 Rb8 23. Qd2 Rf7 24. Re5 Rfb7 25. Qe3 Re7 26. Qc3 Rb6 27. Rce1 Qd7 28. R1e3 Qd6 29. Qc5 Qxc5 30. bxc5 Rxb2 31. Rxe6 Rxe6 32. Rxe6 Rd2 33. Rxc6 Rxd4 34. Rd6 Kh7 35. Kg2 a5 36. c6 a4 37. c7 Rc4 38. Rxd5 Rxc7 39. Ra5 Rc4 40. h5 g5 41. hxg6+ Kxg6 42. Kh3 Rb4 43. f4 Rc4 44. Kg4 Rb4 45. Ra6+ Kg7 46. Kf5 Rb5+ 47. Kg4 Rb4 48. Kh4 Rc4 49. Kh5 Rc3 50. Ra7+ Kf6 51. Ra6+ Kg7 52. Ra7+ 1/2-1/2